 Dungeon Crawl Stone Soup version 0.30-a0-50-gb2d611f6b1 (webtiles) character file.

Game seed: 13711286591418318164

14032 Moonkey the Thaumaturge (level 11, -3/68 HPs)
             Began as a Deep Elf Conjurer on Sept 4, 2022.
             Was a Believer of Vehumet.
             Hit by a large rock thrown by a cyclops (42 damage)
             ... on level 11 of the Dungeon.
             The game lasted 01:01:56 (15722 turns).

Moonkey the Thaumaturge (Deep Elf Conjurer)        Turns: 15722, Time: 01:01:57

Health: -3/68      AC:  7    Str: 10    XL:     11   Next: 83%
Magic:  22/30      EV: 13    Int: 40    God:    Vehumet [**....]
Gold:   713        SH:  5    Dex: 13    Spells: 29/36 levels left

rFire   . . .      SeeInvis .    N - +5 rapier "Neidalexast" {flame, rN+ Str+3}
rCold   . . .      Faith    .    (no shield)
rNeg    + . .      Spirit   .    E - +2 robe {Archmagi}
rPois   .          Reflect  +    k - +0 helmet
rElec   .          Harm     .    (no cloak)
rCorr   .          Rampage  .    c - +0 pair of gloves {Str+3}
Will    +....      Archmagi +    f - +0 pair of boots
Stlth   +++.......               a - amulet of reflection
HPRegen 0.21/turn                r - +6 ring of intelligence
MPRegen 0.22/turn                i - +6 ring of intelligence

@: studying Long Blades
A: no striking features
a: Renounce Religion


You were on level 11 of the Dungeon.
You worshipped Vehumet.
Vehumet was pleased with you.
You visited 2 branches of the dungeon, and saw 13 of its levels.

You collected 813 gold pieces.
You spent 100 gold pieces at shops.

Inventory:

Hand Weapons
 N - the +5 rapier "Neidalexast" (weapon) {flame, rN+ Str+3}
   (You found it on level 9 of the Dungeon)

   It burns those it strikes, dealing additional fire damage.
   Str:       It affects your strength (+3).
   rN:        It protects you from negative energy.
Armour
 c - a +0 pair of gloves of strength (worn)
 f - a +0 pair of boots (worn)
 k - a +0 helmet (worn)
 E - a +2 robe of the Archmagi (worn)
 J - +0 acid dragon scales
 M - a +2 robe of willpower
 R - a +2 buckler
 T - a +0 troll leather armour
Jewellery
 a - an amulet of reflection (around neck)
 i - a +6 ring of intelligence (right hand)
 n - an amulet of the acrobat
 o - a ring of ice
 r - a +6 ring of intelligence (left hand)
 v - an amulet of faith
 z - a ring of ice
 G - a ring of fire
 Q - a +6 ring of intelligence
 S - a ring of ice
Wands
 j - a wand of charming (5)
 y - a wand of flame (12)
 B - a wand of polymorph (11)
 I - a wand of quicksilver (11)
 K - a wand of roots (7)
Scrolls
 g - 4 scrolls of enchant weapon
 m - a scroll of amnesia {unknown}
 p - 2 scrolls of teleportation
 q - 4 scrolls of enchant armour
 s - a scroll of torment {unknown}
 t - 3 scrolls of summoning {unknown}
 u - 3 scrolls of immolation {unknown}
 A - 7 scrolls of noise
 D - a scroll of fear {unknown}
 F - 3 scrolls of poison
 H - 2 scrolls of magic mapping {unknown}
 O - 2 scrolls of identify
 P - a scroll of acquirement {unknown}
Potions
 b - a potion of magic
 d - 5 potions of curing
 e - 2 potions of haste {unknown}
 h - a potion of might {unknown}
 l - 3 potions of brilliance
 w - 3 potions of mutation
 x - 4 potions of flight
 C - a potion of heal wounds
 L - a potion of attraction {unknown}


   Skills:
 * Level 8.2 Fighting
 - Level 5.0 Dodging
 - Level 7.0 Stealth
 * Level 13.1 Spellcasting
 * Level 11.7 Conjurations
 - Level 5.0 Translocations
 + Level 4.7 Fire Magic


You had 29 spell levels left.
You knew the following spells:

 Your Spells              Type           Power      Damage    Failure   Level
a - Magic Dart            Conj           100%       1d8       0%          1
b - Searing Ray           Conj           100%       2d8       0%          2
c - Iskenderun's Mystic   Conj/Tloc      96%        2d19      1%          4

Your spell library contained the following spells:

 Spells                   Type           Power      Damage    Failure   Level
 Sandblast                Erth           78%        2d17      1%          1
 Foxfire                  Conj/Fire      100%       2x1d9     1%          1
 Static Discharge         Conj/Air       100%       3-10/arc  1%          2
 Conjure Flame            Conj/Fire      95%        6-21      1%          3
 Dazzling Flash           Conj/Hex       100%       N/A       1%          3
 Inner Flame              Hex/Fire       61%        N/A       1%          3
 Portal Projectile        Hex/Tloc       100%       N/A       1%          3
 Flame Wave               Conj/Fire      95%        2d20      1%          4
 Fulminant Prism          Conj/Hex       41%        3d20      1%          4
 Tukima's Dance           Hex            39%        N/A       3%          3
 Lightning Bolt           Conj/Air       41%        1d60      3%          5
 Blade Hands              Tmut           19%        N/A       34%         5
 Maxwell's Capacitive Co  Air            19%        ∞         100%        8


Dungeon Overview and Level Annotations

Branches:
Dungeon (12/15)            Temple (1/1) D:6            Lair (0/5) D:9
    Orc (0/2) D:9

Altars:
Ashenzari
Cheibriados
Dithmenos
Elyvilon
Fedhas
Gozag
Hepliaklqana
Kikubaaqudgha
Makhleb
Nemelex Xobeh
Okawaru
Qazlal
Ru
Sif Muna
Trog
Uskayaw
Vehumet
Wu Jian
Xom
Yredelemnul
Zin
The Shining One

Shops:
D:1 *   D:3 =


Message History

Aim: a troll (83% to hit)
You feel a surge of power!
The searing ray hits the troll!
The troll is moderately wounded. (Press . to maintain the ray.)
The searing ray hits the troll!
The troll is heavily wounded.
The searing ray hits the troll!
The troll is severely wounded.
A cyclops comes into view.
The searing ray hits the troll.
The troll is almost dead.
You finish channelling your searing ray.
The troll bites you but does no damage. The troll barely misses you.
The troll claws you but does no damage.
The troll misses you. x2; The troll claws you.
Casting: Searing Ray (safe; 0% risk of failure)
Confirm with . or Enter, or press ? or * to list all spells.
Aiming: Searing Ray (safe; 0% risk of failure)
Press: ? - help, Shift-Dir - straight line, f/p - troll
Aim: a troll (almost dead, 83% to hit)
You feel a surge of power!
The searing ray hits the troll!
You kill the troll!
Vehumet accepts your kill. (Press . to maintain the ray.)
The cyclops throws a large rock.
The large rock hits you!!
You start resting.
A cyclops is nearby!
Casting: Searing Ray (safe; 0% risk of failure)
Confirm with . or Enter, or press ? or * to list all spells.
Aiming: Searing Ray (safe; 0% risk of failure)
Press: ? - help, Shift-Dir - straight line, f - cyclops
Aim: a cyclops, quivering large rocks (98% to hit)
You feel a surge of power!
The searing ray hits the cyclops but does no damage. (Press . to maintain the ray.)
The searing ray hits the cyclops!
The cyclops is moderately wounded.
The cyclops throws a large rock.
The large rock hits you!!!
Ouch! That really hurt!
You die...

### #.. #.. #### #<.
#####..#############.#
#..##..'..#..#..#..#.# .
##.....#..#..#..#..#.#
.C.#####..###.##[##.###.#
⌠..'..##@..#.#..#†.#.(#.#
#C..#..###..#..#..#..
#.......#######.###..
#...#.....####.#..#..
###.##........###..# #
#.##..###....^...##.# #
###.###.............### # #
##.....#..............# #
#.#####.....................##


You could see a cyclops.

Vanquished Creatures
  2 two-headed ogres
  Erica (D:9)
  Urug (D:10)
  Pikel (D:8)
  2 ugly things
  2 cyclopes
  A gargoyle (D:10)
  An unseen horror (D:11)
  Psyche (D:11)
  A kobold demonologist (D:11)
  2 komodo dragons (D:11)
  An efreet (D:8)
  3 trolls (D:11)
  A hornet (D:8)
  Grinder (D:4)
  Prince Ribbit (D:5)
  A shadow (D:11)
  3 wraiths
  2 yaks (D:11)
  A basilisk (D:8)
  Eustachio (D:5)
  Edmund (D:5)
  3 acid dragons
  5 vampire mosquitoes
  A water moccasin (D:5)
  Duvessa (D:4)
  5 orc warriors
  2 black bears
  A sky beast (D:7)
  An ogre (D:5)
  A boggart (D:9)
  2 lemures (D:8)
  9 centaurs
  A kobold brigand (D:8)
  2 phantoms
  2 bullfrogs
  3 scorpions
  4 wights (D:7)
  Dowan (D:4)
  18 killer bees
  A howler monkey (D:10)
  3 hounds
  2 jellies
  6 orc priests
  Jessica (D:3)
  A gnoll bouda (D:3)
  An iguana (D:6)
  13 orc wizards
  Robin (D:4)
  5 adders
  11 gnolls
  2 shadow imps
  4 white imps
  2 ufetubi
  41 orcs
  6 ball pythons
  4 endoplasms
  3 giant cockroaches
  9 goblins
  6 hobgoblins (D:4)
  7 kobolds
  A quokka (D:1)
  4 bats
  4 frilled lizards
  4 rats
235 creatures vanquished.

Vanquished Creatures (others)
  2 plants
2 creatures vanquished.

Grand Total: 237 creatures vanquished

Notes
Turn   | Place    | Note
-------+----------+-------------------------------------------
     0 | D:1      | Moonkey the Deep Elf Conjurer began the quest for the Orb.
     0 | D:1      | Reached XP level 1. HP: 10/10 MP: 6/6
    37 | D:1      | Found a faded altar of an unknown god.
   195 | D:1      | Found Ceblinno's Assorted Antiques.
   388 | D:1      | Reached XP level 2. HP: 16/16 MP: 6/8
   413 | D:1      | Learned a level 2 spell: Searing Ray
  1676 | D:2      | Reached XP level 3. HP: 20/20 MP: 2/10
  2143 | D:3      | Reached skill level 1 in Fighting
  2201 | D:3      | Noticed Jessica
  2205 | D:3      | Killed Jessica
  2279 | D:3      | Reached skill level 4 in Spellcasting
  2279 | D:3      | Reached XP level 4. HP: 15/25 MP: 4/12
  2435 | D:3      | Reached skill level 1 in Translocations
  2536 | D:3      | Reached skill level 5 in Conjurations
  2666 | D:3      | Found a broken altar of Ashenzari.
  2801 | D:3      | Reached XP level 5. HP: 29/29 MP: 4/13
  2886 | D:3      | Found a glowing silver altar of Zin.
  2893 | D:3      | Found Yjiczeuta's Jewellery Shoppe.
  2899 | D:3      | HP: 1/29 [orc priest/divine providence (17)]
  3449 | D:4      | Reached skill level 5 in Spellcasting
  3449 | D:4      | Reached XP level 6. HP: 31/35 MP: 6/15
  3737 | D:4      | Noticed Grinder
  3934 | D:4      | Noticed Robin
  3948 | D:4      | Killed Robin
  4148 | D:4      | Learned a level 4 spell: Iskenderun's Mystic Blast
  4209 | D:4      | Reached XP level 7. HP: 40/40 MP: 9/17
  4422 | D:4      | Noticed Duvessa
  4422 | D:4      | Noticed Dowan
  4438 | D:4      | Killed Duvessa
  4579 | D:4      | Killed Dowan
  4725 | D:4      | Reached skill level 6 in Spellcasting
  4901 | D:4      | Killed Grinder
  4902 | D:4      | Reached XP level 8. HP: 4/46 MP: 10/19
  5400 | D:4      | Found a basalt altar of Yredelemnul.
  5767 | D:5      | Entered Level 5 of the Dungeon
  5782 | D:5      | Noticed Edmund
  5845 | D:5      | Killed Edmund
  5948 | D:5      | Noticed Eustachio
  5971 | D:5      | Killed Eustachio
  6093 | D:5      | Reached skill level 5 in Stealth
  6143 | D:5      | Reached skill level 7 in Spellcasting
  6381 | D:5      | Noticed Prince Ribbit
  6819 | D:5      | Reached skill level 5 in Dodging
  7174 | D:5      | Killed Prince Ribbit
  7175 | D:5      | Reached skill level 8 in Spellcasting
  7290 | D:6      | Reached XP level 9. HP: 52/52 MP: 15/23
  7750 | D:6      | Found a staircase to the Ecumenical Temple.
  7883 | Temple   | Entered the Ecumenical Temple
  8022 | Temple   | Became a worshipper of Vehumet
  8332 | D:1      | Bought a scroll labelled XADECRIR WASHRE for 25 gold pieces
  8332 | D:1      | Bought a scroll labelled EHUTOCLAOCS for 25 gold pieces
  8332 | D:1      | Bought a scroll labelled NEJAUFF FEPU for 25 gold pieces
  8332 | D:1      | Bought a scroll labelled CEUD SIRIN GUZ for 25 gold pieces
  8685 | D:7      | Reached skill level 5 in Fighting
  8836 | D:7      | Found a blossoming altar of Fedhas.
  8907 | D:7      | Reached skill level 9 in Spellcasting
  9237 | D:8      | Noticed an efreet
  9238 | D:8      | Noticed Pikel
  9490 | D:8      | Killed Pikel
  9490 | D:8      | Reached * piety under Vehumet
  9490 | D:8      | Offered knowledge of Freeze by Vehumet.
  9491 | D:8      | Reached skill level 5 in Translocations
  9765 | D:8      | Noticed a cyclops
  9881 | D:8      | Killed a cyclops
  9882 | D:8      | Reached XP level 10. HP: 42/60 MP: 12/25
 10208 | D:8      | Reached skill level 10 in Spellcasting
 11734 | D:9      | Found a staircase to the Lair.
 11756 | D:9      | Reached skill level 1 in Fire Magic
 12112 | D:9      | Found an ornate altar of the Wu Jian Council.
 12113 | D:9      | Found a white marble altar of Elyvilon.
 12133 | D:9      | Found a staircase to the Orcish Mines.
 12428 | D:9      | Offered knowledge of Sandblast by Vehumet.
 12430 | D:9      | Reached ** piety under Vehumet
 12435 | D:9      | Reached skill level 10 in Conjurations
 12724 | D:9      | Noticed a +0 hand axe
 12726 | D:9      | Noticed a +0 hand axe
 12728 | D:9      | Found a hide-covered altar of Uskayaw.
 12748 | D:9      | Noticed Erica
 12759 | D:9      | Killed Erica
 12760 | D:9      | Reached skill level 11 in Spellcasting
 12903 | D:9      | Found a sacrificial altar of Ru.
 13056 | D:9      | Identified the +5 rapier "Neidalexast" {flame, rN+ Str+3}
 13376 | D:10     | Entered Level 10 of the Dungeon
 13376 | D:10     | Noticed Urug
 13386 | D:10     | Killed Urug
 13729 | D:10     | Reached XP level 11. HP: 34/67 MP: 21/28
 14082 | D:10     | Noticed a two-headed ogre
 14094 | D:10     | Killed a two-headed ogre
 14365 | D:11     | Noticed a two-headed ogre
 14423 | D:11     | Noticed a deep elf pyromancer
 14527 | D:11     | Noticed a two-headed ogre
 14534 | D:11     | Killed a two-headed ogre
 14535 | D:11     | Reached skill level 12 in Spellcasting
 14649 | D:11     | Noticed a cyan ugly thing
 14656 | D:11     | Killed a cyan ugly thing
 14810 | D:11     | Noticed Psyche
 14821 | D:11     | Killed Psyche
 14883 | D:11     | You fall into a shaft and drop 1 floor!
 14914 | D:12     | Noticed a green ugly thing
 14921 | D:12     | Killed a green ugly thing
 15346 | D:12     | Noticed a boulder beetle
 15531 | D:11     | Reached skill level 13 in Spellcasting
 15722 | D:11     | Hit by a large rock thrown by a cyclops

Illustrated notes

Levels and vault maps discovered:
D:1:      dpeg_arrival_rooms_a, layout_loops_corners,
          hellmonk_ecumenical_altar_crossroads, serial_bayou,
          serial_bayou_lagoon_b, serial_bayou_lake_a, serial_bayou_lagoon_a,
          serial_bayou_pond_d, serial_shops, nicolae_shop_overgrown_old_shop
D:2:      layout_loops_corners, chequers_serial_rivers_large_b
D:3:      layout_rooms, evilmike_ruin_ashenzari, zin_scriptorium, serial_shops,
          shop, uniq_jessica
D:4:      layout_gridville, lemuel_tele_altar, serial_forest,
          infiniplex_forest_fountain, infiniplex_forest_end_2,
          infiniplex_forest_clump_tiny, infiniplex_forest_lined_room_2,
          infiniplex_forest_end_1, minmay_manual_mandibuliform, uniq_robin,
          uniq_duvessa, uniq_grinder
D:5:      layout_rooms, serial_co_window_serial, co_window_paths_b,
          co_window_of_opportunity_a, co_window_corner_a, co_window_paths_b,
          co_window_corner_a, co_window_cross_3, co_window_corner_cb,
          co_window_corner_ca, co_window_corner_ca, co_window_paths_d,
          glass_columns_c, glass_columns_b, glass_columns_c, glass_columns_c,
          glass_columns_a, uniq_edmund, uniq_eustachio, uniq_prince_ribbit1
D:6:      layout_gridville, minmay_temple_entry_purple_smoke,
          chequers_serial_rivers_small_3
D:7:      layout_rooms, mainiacjoe_overflow_boulevard
D:8:      minmay_curly_fans, layout_layer_cave, nicolae_ossuary_entry_ruins,
          hangedman_glass_teeth, uniq_pikel
D:9:      layout_layer_cave, dancing_weapons_uskayaw, kennysheep_mini_moat,
          mainiacjoe_overflow_divided_tiny, dpeg_oklobed_lair, david_orc_3,
          kennysheep_just_a_vault, uniq_erica
D:10:     layout_cave_pools, hangedman_abyss_or_decor_clamps,
          kennysheep_generic_room_3, uniq_urug
D:11:     minmay_s_stair_smasher, layout_rooms, ebering_ghost_gozag,
          kennysheep_another_room, uniq_psyche
D:12:     layout_roguey, serial_shops, nicolae_shop_statue_plus
Temple:   nicolae_temple_superstar

Skill      XL: |  1  2  3  4  5  6  7  8  9 10 11 |
---------------+----------------------------------+-----
Fighting       | 1 2 3 4 5 7 8 |  8.2
Stealth        | 3 4 5 6 7 |  7.0
Spellcasting   | 4 5 6 8 9 11 13 | 13.1
Translocations | 1 2 3 4 5 |  5.0
Dodging        | 3 4 5 |  5.0
Conjurations   | 5 6 7 9 10 11 | 11.7
Fire Magic     | 2 4 |  4.7

Action                   |  1- 3 |  4- 6 |  7- 9 | 10-12 || total
-------------------------+-------+-------+-------+-------++-------
Melee: Unarmed           |       |     3 |    59 |       ||    62
       Punch             |       |       |     3 |       ||     3
 Cast: Magic Dart        |    40 |    68 |   135 |    97 ||   340
       Searing Ray       |     7 |    21 |    53 |    61 ||   142
       Iskenderun's Myst |       |       |    10 |    62 ||    72
  Use: Potion            |       |     2 |       |       ||     2
       Scroll            |       |       |    10 |     3 ||    13
Armor: Robe              |     2 |     7 |     5 |    17 ||    31
Dodge: Dodged            |     5 |    17 |    28 |    58 ||   108
Block: Other             |       |       |     3 |    19 ||    22
       Reflection        |       |       |       |     7 ||     7

Table legend: (Time is in decaauts)
 A = Elapsed time spent in this place.
 B = Non-inter-level travel time spent in this place.
 C = Inter-level travel time spent in this place.
 D = Time resting spent in this place.
 E = Time spent auto-exploring this place.
 F = Levels seen in this place.
 G = Mean time per level.
                   A        B        C        D        E       F      G
               +--------+--------+--------+--------+--------+-----+--------+
         Total |  15835 |  15199 |    636 |   5448 |   7990 |  13 | 1218.1 |
       Dungeon |  15682 |  15083 |    599 |   5448 |   7890 |  12 | 1306.8 |
        Temple |    152 |    115 |     37 |      0 |    100 |   1 |  152.0 |
               +--------+--------+--------+--------+--------+-----+--------+

Top non-repeatable levels by time:
     D:8: 2195 daAuts
     D:4: 2170 daAuts
     D:9: 1916 daAuts
     D:3: 1693 daAuts
     D:5: 1409 daAuts
     D:1: 1187 daAuts
     D:2: 1127 daAuts
    D:11: 971 daAuts
    D:10: 955 daAuts
     D:6: 840 daAuts
     D:7: 794 daAuts
    D:12: 421 daAuts
  Temple: 152 daAuts
